 Dungeon Crawl Stone Soup version 0.31-a0-1-g4198be8af4 (webtiles) character file.

Game seed: 15807188215470876392

84 Lobster4 the Trooper (level 4, -2/41 HPs)
             Began as a Hill Orc Fighter on May 2, 2023.
             Slain by a gnoll
             ... wielding a +3 spear
              (4 damage)
             ... on level 3 of the Dungeon.
             The game lasted 00:02:13 (1197 turns).

Lobster4 the Trooper (Hill Orc Fighter)             Turns: 1197, Time: 00:02:14

Health: -2/41      AC:  7    Str: 18    XL:     4   Next: 46%
Magic:  4/4        EV:  9    Int: 10    God:
Gold:   86         SH:  4    Dex: 10    Spells: 3/3 levels left

rFire   . . .        a - +0 war axe
rCold   . . .        c - +0 buckler
rNeg    . . .        b - +0 scale mail
rPois   .            (no helmet)
rElec   .            (no cloak)
rCorr   .            (no gloves)
SInv    .            (no boots)
Will    .....        (no amulet) Stlth
                     (no ring)
HPRegen 0.26/turn    (no ring)
MPRegen 0.09/turn

%: no passive effects
@: no status effects
A: no striking features
a: no special abilities


You were on level 3 of the Dungeon.
You visited 1 branch of the dungeon, and saw 3 of its levels.

You collected 86 gold pieces.

Inventory:

Hand Weapons
 a - a +0 war axe (weapon)
Missiles
 f - 5 poisoned darts (quivered)
 i - 41 stones
Armour
 b - a +0 scale mail (worn)
 c - a +0 buckler (worn)
Wands
 n - a wand of digging (8)
Scrolls
 g - a scroll of fog {unknown}
 j - a scroll of identify {unknown}
 k - a scroll of fear {unknown}
 l - a scroll of enchant armour {unknown}
Potions
 d - a potion of might
 e - a potion of brilliance {unknown}
 h - a potion of heal wounds {unknown}
 m - a potion of invisibility {unknown}


   Skills:
 + Level 4.3 Fighting
 + Level 3.6 Axes
 + Level 0.6 Throwing
 + Level 4.0 Armour
 + Level 3.9 Shields


You had 3 spell levels left.
You didn't know any spells.
Your spell library contained the following spells:

 Spells                   Type           Power      Damage    Failure   Level
 Magic Dart               Conj           0%         1d3       82%         1
 Call Imp                 Summ           0%         N/A       91%         2
 Mephitic Cloud           Conj/Pois/Air  0%         N/A       99%         3


Dungeon Overview and Level Annotations

Branches:
Dungeon (2/15)

Altars:
Elyvilon


Message History

The frilled lizard bites you but does no damage.
The frilled lizard misses you.
The gnoll hits you from afar with a +3 spear.
You hit the frilled lizard.
You kill the frilled lizard!
You block the gnoll's attack.
You barely miss the goblin. The gnoll barely misses you.
The goblin hits you with a +0 dagger.
You slash the goblin!
You kill the goblin!
The gnoll barely misses you. The kobold barely misses you.
The gnoll hits you from afar with a +3 spear.
You slash the kobold!
You kill the kobold!
The goblin unwields a +0 dagger.
The goblin wields a +0 sling.
The goblin shoots a sling bullet.
The sling bullet hits you but does no damage.
The gnoll barely misses you. The gnoll hits you with a +3 spear!
You hit the gnoll.
The gnoll is lightly wounded.
The gnoll closely misses you.
You barely miss the gnoll.
The gnoll is lightly wounded.
You barely miss the goblin. The gnoll hits you with a +3 spear.
The goblin unwields a +0 sling.
The goblin wields a +0 dagger.
The goblin hits you but does no damage. The gnoll hits you with a +3 spear!
* * * LOW HITPOINT WARNING * * *
You barely miss the gnoll.
The gnoll is lightly wounded.
You barely miss the goblin. The goblin hits you but does no damage.
The gnoll hits you with a +3 spear.
* * * LOW HITPOINT WARNING * * *
You block the goblin's attack.
You hit the gnoll.
The gnoll is heavily wounded.
You barely miss the goblin. The gnoll hits you with a +3 spear.
* * * LOW HITPOINT WARNING * * *
The goblin hits you but does no damage. The gnoll hits you with a +3 spear.
You die...

#.#.## #.#...
..#.. #.#..
#.#.####
#.#....####
#.#.......###
#.
#....!g.....##
##.##
#.#..@g.....$#
#....
#.#.###)####..
#.... #.#.#
...
....###.#.#
....# #....#.#
....# ###
#....#..
...... ..#
#....#..
#####.. #.#
#....#. .. #.#
#....#


You could see a gnoll and a goblin.

Vanquished Creatures
  2 adders
  A worm (D:2)
  An orc (D:2)
  4 ball pythons
  6 bats
  4 endoplasms
  5 giant cockroaches
  6 hobgoblins (D:1)
  7 jackals
  A quokka (D:1)
  A frilled lizard (D:3)
  8 goblins
  4 kobolds
  4 rats
54 creatures vanquished.

Notes
Turn   | Place    | Note
-------+----------+-------------------------------------------
     0 | D:1      | Lobster4 the Hill Orc Fighter began the quest for the Orb.
     0 | D:1      | Reached XP level 1. HP: 19/19 MP: 1/1
   113 | D:1      | Reached XP level 2. HP: 27/27 MP: 2/2
   332 | D:1      | Reached XP level 3. HP: 33/33 MP: 3/3
   931 | D:2      | Reached XP level 4. HP: 34/40 MP: 4/4
  1053 | D:2      | You fall into a shaft and drop 1 floor!
  1107 | D:3      | Found a white marble altar of Elyvilon.
  1197 | D:3      | HP: 2/41 [gnoll/+3 spear (3)]
  1197 | D:3      | Slain by a gnoll

Illustrated notes

Levels and vault maps discovered:
D:1:      dpeg_arrival_tiny_i, layout_loops_ring
D:2:      layout_basic
D:3:      minmay_recursive_quarters, layout_basic, lemuel_tele_altar,
          minmay_checkerbox

Skill      XL: |  1  2  3  4 |
---------------+-------------+-----
Axes           | 3 |  3.6
Fighting       | 4 |  4.3
Armour         | 4 |  4.0
Throwing       | |  0.6
Shields        | |  3.9

Action                     |  1- 3 |  4- 6 || total
---------------------------+-------+-------++-------
  Melee: War axe           |   100 |    34 ||   134
 Armour: Scale mail        |    64 |    27 ||    91
  Dodge: Dodged            |    67 |    26 ||    93
  Block: Buckler           |    32 |     9 ||    41

Table legend: (Time is in decaauts)
 A = Elapsed time spent in this place.
 B = Non-inter-level travel time spent in this place.
 C = Inter-level travel time spent in this place.
 D = Time resting spent in this place.
 E = Time spent auto-exploring this place.
 F = Levels seen in this place.
 G = Mean time per level.
                   A        B        C        D        E       F      G
               +--------+--------+--------+--------+--------+-----+--------+
         Total |   1246 |   1226 |     20 |      0 |    900 |   3 |  415.3 |
       Dungeon |   1246 |   1226 |     20 |      0 |    900 |   3 |  415.3 |
               +--------+--------+--------+--------+--------+-----+--------+

Top non-repeatable levels by time:
     D:1: 652 daAuts
     D:2: 442 daAuts
     D:3: 152 daAuts
